 Dungeon Crawl Stone Soup version 0.28-a0-622-gbaef9634d7 (webtiles) character file.

Game seed: 17209635520721259204

44 dlkfblwrlf the Vexing (level 3, 0/16 HPs)
             Began as a Spriggan Enchanter on Oct 7, 2021.
             Slain by an adder (2 damage)
             ... on level 3 of the Dungeon.
             The game lasted 00:02:32 (1722 turns).

dlkfblwrlf the Vexing (Spriggan Enchanter)          Turns: 1722, Time: 00:02:32

Health: 0/16       AC:  2    Str:  5    XL:     3   Next: 39%
Magic:  3/9        EV: 17    Int: 16    God:
Gold:   43         SH:  0    Dex: 15    Spells: 7/9 levels left

rFire   + . .      SeeInvis +   a - +1 dagger
rCold   . . .      Faith    .   (shield restricted)
rNeg    . . .      Spirit   .   b - +0 robe
rPois   .          Reflect  .   (helmet restricted)
rElec   .          Harm     .   (no cloak)
rCorr   .          Rampage  .   (gloves unavailable)
Will    .....                   (boots unavailable)
Stlth   +++.......              (no amulet)
HPRegen 0.05/turn               h - ring of protection from fire
MPRegen 0.11/turn               (no ring)

@: very quick
A: very small, no large weapons, unfitting armour, see invisible, speed 3
a: no special abilities


You were on level 3 of the Dungeon.
You visited 1 branch of the dungeon, and saw 3 of its levels.

You collected 43 gold pieces.

Inventory:

Hand Weapons
 a - a +1 dagger (weapon)
Missiles
 e - 15 poisoned darts (quivered)
Armour
 b - a +0 robe (worn)
Jewellery
 h - a ring of protection from fire (left hand)
Potions
 c - a potion of invisibility
 f - a potion of experience {unknown}
 g - a potion of flight {unknown}
 i - 2 potions of curing
 j - 2 potions of mutation {unknown}
 k - a potion of lignification {unknown}
 l - a potion of attraction {unknown}
 m - a potion of haste {unknown}


   Skills:
 - Level 1.1 Short Blades
 - Level 2.6 Dodging
 - Level 4.4 Stealth
 + Level 3.9 Spellcasting
 + Level 4.6 Hexes


You had 7 spell levels left.
You knew the following spells:

 Your Spells              Type           Power      Damage    Failure   Level
a - Ensorcelled Hibernat  Hex/Ice        20%        N/A       10%         2

Your spell library contained the following spells:

 Spells                   Type           Power      Damage    Failure   Level
 Confusing Touch          Hex            17%        N/A       8%          3
 Tukima's Dance           Hex            17%        N/A       8%          3
 Dazzling Flash           Conj/Hex       20%        N/A       21%         3


Dungeon Overview and Level Annotations

Branches:
Dungeon (3/15)

Altars:
Cheibriados

Shops:
D:2 (


Innate Abilities, Weirdness & Mutations

You are very small and have problems with some larger weapons.
You are too small for most types of armour.
You have supernaturally acute eyesight. (SInv)
You cover ground extremely quickly. (Speed+++)


Message History

Aim: an orc, wielding a +0 short sword (chance to affect: 59%)
You miscast Ensorcelled Hibernation.
Nothing appears to happen.
The orc barely misses you.
Casting: Ensorcelled Hibernation (safe; 10% risk of failure)
Confirm with . or Enter, or press ? or * to list all spells.
Aiming: Ensorcelled Hibernation (safe; 10% risk of failure)
Press: ? - help, Shift-Dir - straight line, f/p - orc
Aim: an orc, wielding a +0 short sword (chance to affect: 59%)
The orc resists with significant effort.
The orc completely misses you.
Casting: Ensorcelled Hibernation (safe; 10% risk of failure)
Confirm with . or Enter, or press ? or * to list all spells.
You don't have enough magic to cast this spell.
Unknown command.
Unknown command.
You barely miss the orc. The orc hits you with a +0 short sword.
You hit the orc.
The orc is moderately wounded.
The orc hits you with a +0 short sword.
* * * LOW HITPOINT WARNING * * *
Unknown command.
Unknown command.
Okay, then.
Unknown command.
A white imp comes into view.
Found 11 gold pieces.
An adder comes into view.
You feel much better.
The adder hisses angrily.
Found a stone staircase leading up.
The white imp closely misses you.
Your magical contamination has completely faded away.
The white imp gestures at you. The puff of frost hits you!
Ouch! That really hurt!
* * * LOW HITPOINT WARNING * * *
Found 10 gold pieces.
There is a stone staircase leading up here.
The adder bites you.
You die...

#########
#.......#
#.......###
#.....5.S.#
#...$...#@#
#.......#.#
#.......#.$
#####o.#####.#
##...o.## ..
#oo##### #.#
###.## ..
##.o.# ...
#.o###


You could see an adder and a white imp.

Vanquished Creatures
  An adder (D:2)
  A worm (D:2)
  2 dart slugs
  An orc (D:3)
  4 bats
  2 endoplasms
  3 giant cockroaches (D:2)
  3 hobgoblins
  A quokka (D:1)
  2 ball pythons (D:1)
  2 frilled lizards
  2 goblins
  A quokka skeleton (D:2)
  A rat (D:2)
26 creatures vanquished.

Notes
Turn   | Place    | Note
-------+----------+-------------------------------------------
     0 | D:1      | dlkfblwrlf the Spriggan Enchanter began the quest for the
                  | Orb.
     0 | D:1      | Reached XP level 1. HP: 9/9 MP: 5/5
   267 | D:1      | Found a faded altar of an unknown god.
   409 | D:1      | Reached XP level 2. HP: 13/13 MP: 7/7
   412 | D:1      | Learned a level 2 spell: Ensorcelled Hibernation
   748 | D:2      | Found Lifozxur's Weapon Boutique.
  1139 | D:2      | Reached XP level 3. HP: 16/16 MP: 1/9
  1351 | D:2      | Found a snail-covered altar of Cheibriados.
  1722 | D:3      | Slain by an adder

Illustrated notes

Levels and vault maps discovered:
D:1:      eino_arrival_cavern_a, layout_loops_ring,
          chequers_ecumenical_altar_island
D:2:      layout_loops_ring, serial_shops, shop, basic_altar
D:3:      layout_rooms, mainiacjoe_overflow_six_doors_small

Skill      XL: |  1 |
---------------+----+-----
Spellcasting   | 3 |  3.9
Hexes          | 4 |  4.6
Short Blades   | |  1.1
Dodging        | |  2.6
Stealth        | |  4.4

Action                   || total
-------------------------++-------
Melee: Dagger            ||    67
 Cast: Ensorcelled Hiber ||     5
  Use: Scroll            ||     4
       Potion            ||     1
 Stab: Sleeping          ||    15
Armor: Robe              ||     8
Dodge: Dodged            ||    40

Table legend: (Time is in decaauts)
 A = Elapsed time spent in this place.
 B = Non-inter-level travel time spent in this place.
 C = Inter-level travel time spent in this place.
 D = Time resting spent in this place.
 E = Time spent auto-exploring this place.
 F = Levels seen in this place.
 G = Mean time per level.
                   A        B        C        D        E       F      G
               +--------+--------+--------+--------+--------+-----+--------+
         Total |   1229 |   1184 |     45 |      0 |    996 |   3 |  409.7 |
       Dungeon |   1229 |   1184 |     45 |      0 |    996 |   3 |  409.7 |
               +--------+--------+--------+--------+--------+-----+--------+

Top non-repeatable levels by time:
     D:2: 692 daAuts
     D:1: 509 daAuts
     D:3: 27 daAuts
